 Adventure DCSS version bcrawl-1.23.1 (webtiles) character file.

Game seed: 16103282827671144782

1367 funkygono the Basher (level 8, -4/65 HPs)
             Began as a Formicid Fighter on May 25, 2020.
             Was a Priest of Okawaru.
             Slain by a two-headed ogre
             ... wielding a +0 giant club
              (8 damage)
             ... on level 10 of the Dungeon.
             The game lasted 00:19:44 (8438 turns).

funkygono the Basher (Formicid Fighter)             Turns: 8438, Time: 00:19:45

Health: -4/65      AC: 13    Str: 23    XL:     8   Next: 97%
Magic:  8/8        EV:  7    Int:  8    God:    Okawaru [***...]
Gold:   526        SH: 11    Dex: 11    Spells: 7/7 levels left
                                        Lives:  0   Deaths: 2

rFire    . . .     SeeInvis +   a - +3 mace (holy)
rCold    . . .     Gourm    .   c - +0 medium shield
rNeg     . . .     Faith    .   r - +0 chain mail
rPois    +         Spirit   .   (helmet unavailable)
rElec    .         Reflect  .   (no cloak)
rCorr    .         Harm     .   (no gloves)
MR       .....                  o - +2 pair of boots
Stlth    ..........             (no amulet)
HPRegen  0.20/turn              s - ring of poison resistance
MPRegen  0.11/turn              (no ring)

@: no status effects
A: permanent stasis, dig shafts and tunnels, four strong arms, antennae 3
a: Dig, Shaft Self, Heroism, Renounce Religion


You were on level 10 of the Dungeon.
You worshipped Okawaru.
Okawaru was most pleased with you.
You were not hungry.

You visited 2 branches of the dungeon, and saw 11 of its levels.

You collected 526 gold pieces.

Inventory:

Hand Weapons
 a - a +3 mace of holy wrath (weapon)
 b - a +3 hunting sling
Missiles
 g - 1114 stones
 i - 974 sling bullets (quivered)
 m - a throwing net {!f}
Armour
 c - a +0 medium shield (worn)
 o - a +2 pair of boots (worn)
 r - a +0 chain mail (worn)
 t - a +2 leather armour of positive energy
Jewellery
 s - a ring of poison resistance (left hand)
Wands
 q - a wand of polymorph (4)
 v - a wand of enslavement (17)
Scrolls
 d - a scroll of identify
 k - 2 scrolls of amnesia
 u - a scroll of fog
 x - a scroll of remove curse
Potions
 f - 2 potions of cancellation
 h - a potion of brilliance {unknown}
 j - a potion of flight {unknown}
 l - a potion of resistance {unknown}
 n - a potion of haste {unknown}
 p - a potion of lignification {unknown}
 w - 3 potions of curing
 A - a potion of heal wounds {unknown}
 B - 2 potions of might
Comestibles
 e - 15 rations {!d}


   Skills:
 + Level 6.3 Fighting
 + Level 8.4 Maces & Flails
 + Level 5.5 Slings
 + Level 7.0 Armour
 + Level 2.7 Dodging
 + Level 1.5 Stealth
 + Level 8.4 Shields


You had 7 spell levels left.
You didn't know any spells.
Your spell library contained the following spells:

 Spells                   Type           Power        Failure   Level  Hunger
 Confuse                  Hex            #.......     100%        3    ####...
 Dazzling Spray           Conj/Hex       #.....       100%        3    ####...
 Petrify                  Tmut/Erth      #.......     100%        4    #####..
 Yara's Violent Unravell  Hex/Tmut       #.........   100%        4    #####..
 Metabolic Englaciation   Hex/Ice        #.........   100%        5    ######.
 Mana Rupture             Conj/Hex       #.........   100%        7    #######


Dungeon Overview and Level Annotations

Branches:
Dungeon (10/12)            Temple (1/1) D:6
   Lair: D:7-9          Orc: D:8-11

Altars:
Ashenzari
Dithmenos
Elyvilon
Fedhas
Gozag
Kikubaaqudgha
Lugonu
Makhleb
Nemelex Xobeh
Okawaru
Qazlal
Ru
Sif Muna
Trog
Uskayaw
Vehumet
Wu Jian
Xom
Yredelemnul
Zin
The Shining One

Shops:
D:4 [

Annotations:
D:7 3 runed doors


Innate Abilities, Weirdness & Mutations

You cannot be hasted, slowed, berserked, paralysed or teleported.
You can dig through walls and to a lower floor.
Your four strong arms can wield two-handed weapons with a shield.
You have a pair of large antennae on your head. (SInv)


Message History

The ogre mage mumbles some strange words.
The ogre mage seems to speed up.
The orc wizard begins to cast a cantrip, but forgets the words!
Found 108 stones.
The ogre mage points at you and mumbles some strange words.
The bolt of lightning hits you!! You block the sky beast's attack.
You block the two-headed ogre's attack.
The two-headed ogre hits you with a +0 giant club!
* * * LOW HITPOINT WARNING * * *
The ogre mage gestures at you while chanting.
Your stasis prevents you from being paralysed.
The ogre mage hits you.
* * * LOW HITPOINT WARNING * * *
You block the adder's attack.
The two-headed ogre shouts in stereo!
You hit the adder.
The adder is almost dead.
The ogre mage barely misses you. You block the adder's attack.
The two-headed ogre hits you with a +0 giant club!
You die...

.# ...##..{.#≈._.≈# .#
...##...{#≈...≈# # .#
##'###....#.≈≈≈.#.#+
.####....#..{o#.....#..
.........'..{#.#...#.#
.........######o#.#..
..............#.O#.#
................OS#
......†........O@.#
.....####......Y..#
.....# #.........#
.....# #(........#
.....# #.........#
.....# #....[....#
###### ###########


You could see a two-headed ogre, an ogre mage, a sky beast, an ogre, an adder
and 2 orcs.

Vanquished Creatures
  Pikel (D:5)
  A troll (D:9)
  Sigmund (D:5)
  5 yaks (D:9)
  Menkaure (D:6)
  A soldier ant (D:10)
  An orc warrior (D:7)
  A sky beast (D:4)
  4 slaves (D:5)
  A phantom (D:9)
  A centaur (D:7)
  2 big kobolds
  2 bullfrogs
  A gnoll sergeant (D:7)
  2 scorpions
  6 killer bees (D:7)
  5 wights (D:6)
  A howler monkey (D:5)
  2 crimson imps
  A quasit (D:10)
  2 hounds
  A jelly (D:9)
  A bullfrog skeleton (D:4)
  2 orc wizards
  An iguana (D:4)
  Ijyb (D:5)
  5 worker ants
  4 gnolls (D:5)
  11 adders
  2 shadow imps
  2 oozes
  2 adder skeletons
  3 worms
  3 dart slugs
  A leopard gecko (D:2)
  13 orcs
  3 giant cockroaches
  5 goblins
  9 hobgoblins
  13 jackals
  6 quokkas
  A ball python (D:1)
  5 bats
  5 frilled lizards
  22 kobolds
  8 rats
171 creatures vanquished.

Vanquished Creatures (others)
  A hobgoblin (D:2)
1 creature vanquished.

Grand Total: 172 creatures vanquished

Notes
Turn   | Place    | Note
-------+----------+-------------------------------------------
     0 | D:1      | funkygono the Formicid Fighter began the quest for the Orb.
     0 | D:1      | Reached XP level 1. HP: 18/18 MP: 1/1
   230 | D:1      | Reached XP level 2. HP: 20/24 MP: 2/2
  1041 | D:2      | Reached XP level 3. HP: 28/29 MP: 3/3
  1074 | D:2      | Found a white marble altar of Elyvilon.
  1530 | D:2      | Reached XP level 4. HP: 37/37 MP: 4/4
  2197 | D:3      | Reached XP level 5. HP: 6/42 MP: 5/5
  3442 | D:4      | Reached XP level 6. HP: 30/48 MP: 6/6
  3619 | D:4      | Noticed a sky beast
  3623 | D:4      | Killed a sky beast
  3623 | D:4      | Reached skill level 1 in Slings
  3623 | D:4      | Reached skill level 1 in Dodging
  3916 | D:4      | Reached XP level 7. HP: 54/54 MP: 7/7
  4086 | D:4      | Found Vanexue's Armour Boutique.
  4428 | D:5      | Entered Level 5 of the Dungeon
  4458 | D:5      | Noticed Ijyb
  4511 | D:5      | Killed Ijyb
  4520 | D:5      | Noticed Pikel
  4543 | D:5      | Killed Pikel
  4543 | D:5      | Reached skill level 5 in Maces & Flails
  4543 | D:5      | Reached skill level 5 in Armour
  4543 | D:5      | Reached skill level 5 in Shields
  4543 | D:5      | Reached XP level 8. HP: 16/61 MP: 8/8
  5126 | D:5      | Noticed Sigmund
  5154 | D:5      | Killed Sigmund
  5154 | D:5      | Reached skill level 5 in Fighting
  6104 | D:6      | Reached XP level 9. HP: 68/68 MP: 9/9
  6127 | D:6      | Reached skill level 5 in Slings
  6142 | D:6      | Found a staircase to the Ecumenical Temple.
  6159 | Temple   | Entered the Ecumenical Temple
  6164 | Temple   | Became a worshipper of Warmaster Okawaru
  6416 | D:6      | Noticed Menkaure
  6423 | D:6      | Killed Menkaure
  7212 | D:7      | Found a runed gate.
  7214 | D:7      | Found the +9 staff of Olgreb {rPois}
  7215 | D:7      | Found a runed door.
  7246 | D:7      | Reached skill level 1 in Stealth
  7574 | D:7      | Found a runed door.
  7604 | D:7      | Slain by an orc warrior
  7605 | D:7      | Reached XP level 8. HP: -1/63 MP: 8/8
  7658 | D:7      | Reached * piety under Okawaru
  7726 | D:7      | Reached XP level 9. HP: 21/69 MP: 9/9
  7924 | D:9      | Reached ** piety under Okawaru
  8177 | D:9      | Noticed a troll
  8193 | D:9      | Killed a troll
  8196 | D:9      | Noticed a troll
  8224 | D:10     | Entered Level 10 of the Dungeon
  8352 | D:10     | HP: 3/70 [soldier ant (4)]
  8354 | D:10     | Reached *** piety under Okawaru
  8354 | D:10     | Slain by a quasit
  8355 | D:10     | Reached XP level 8. HP: 0/65 MP: 8/8
  8399 | D:10     | Noticed a two-headed ogre
  8401 | D:10     | Noticed an ogre mage
  8406 | D:10     | Noticed a two-headed ogre
  8415 | D:10     | Found a sacrificial altar of Ru.
  8438 | D:10     | Slain by a two-headed ogre

Skill      XL: |  1  2  3  4  5  6  7  8  9 |
---------------+----------------------------+-----
Shields        | 4 5 7 8 |  8.4
Maces & Flails | 3 4 5 6 8 |  8.4
Armour         | 4 5 7 |  7.0
Fighting       | 4 5 6 |  6.3
Slings         | 2 3 4 5 |  5.5
Dodging        | 1 2 |  2.7
Stealth        | 1 |  1.5

Action                   |  1- 3 |  4- 6 |  7- 9 || total
-------------------------+-------+-------+-------++-------
Melee: Flail             |    71 |       |       ||    71
       Mace              |    56 |   143 |   441 ||   640
       Unarmed           |       |       |    14 ||    14
 Fire: Hunting sling     |       |    22 |    68 ||    90
Throw: Stone             |       |     1 |       ||     1
  Use: Scroll            |       |     2 |     8 ||    10
       Potion            |       |     1 |     1 ||     2
  Eat: Chunk             |     2 |     7 |     8 ||    17
       Ration            |       |       |     2 ||     2
Armor: Scale mail        |    48 |    59 |       ||   107
       Chain mail        |       |     6 |   325 ||   331
       Skin              |       |       |     1 ||     1
Dodge: Dodged            |    39 |    34 |   153 ||   226
Block: Medium shield     |    59 |    64 |   357 ||   480
